 Dungeon Crawl Stone Soup version 0.28-a0-1435-g82390b3a13 (webtiles) character file.

Game seed: 8494192058570842334

32 knot the Skirmisher (level 3, 30/30 HPs)
             Began as a Demonspawn Berserker on Jan 10, 2022.
             Was a Follower of Trog.
             Quit the game on level 1 of the Dungeon.
             The game lasted 00:02:55 (1020 turns).

knot the Skirmisher (Demonspawn Berserker)          Turns: 1020, Time: 00:02:55

Health: 30/30      AC:  2    Str: 17    XL:     3   Next: 8%
Magic:  3/3        EV: 27    Int: 10    God:    Trog [*.....]
Gold:   46         SH:  0    Dex: 12    Spells: 2/2 levels left

rFire   . . .      SeeInvis .   a - +0 hand axe
rCold   . . .      Faith    .   (no shield)
rNeg    . . .      Spirit   .   b - +0 animal skin
rPois   .          Reflect  .   (no helmet)
rElec   .          Harm     .   (no cloak)
rCorr   .          Rampage  .   (no gloves)
Will    .....                   (no boots)
Stlth   +.........              e - amulet of the acrobat
HPRegen 0.10/turn               (no ring)
MPRegen 0.16/turn               (no ring)

@: acrobatic
A: magic regeneration, demonic magic 1
a: Renounce Religion, Berserk


You were on level 1 of the Dungeon.
You worshipped Trog.
Trog was aware of your devotion.
You visited 1 branch of the dungeon, and saw 1 of its levels.

You collected 46 gold pieces.

Inventory:

Hand Weapons
 a - a +0 hand axe (weapon)
Missiles
 d - 21 stones (quivered)
Armour
 b - a +0 animal skin (worn)
Jewellery
 e - an amulet of the acrobat (around neck)
 g - an amulet of regeneration
Scrolls
 c - a scroll of fog {unknown}
 f - a scroll of holy word {unknown}
 h - 2 scrolls of identify {unknown}
Potions
 i - a potion of magic {unknown}
 j - a potion of degeneration {unknown}


   Skills:
 + Level 3.6 Fighting
 + Level 3.3 Axes
 - Level 1.7 Armour
 - Level 1.7 Dodging


You had 2 spell levels left.
You didn't know any spells.
Your spell library contained the following spells:

 Spells                   Type           Power      Damage    Failure   Level
 Tukima's Dance           Hex            0%         N/A       75%         3
 Passage of Golubria      Tloc           0%         N/A       98%         4
 Yara's Violent Unravell  Hex/Tmut       0%         3d3       100%        5


Dungeon Overview and Level Annotations

Branches:
Dungeon (1/15)

Altars:


Innate Abilities, Weirdness & Mutations

You regenerate magic rapidly.
Spells you cast may paralyse adjacent enemies.


Message History

You slash the goblin!
You kill the goblin!
Trog accepts your kill.
Things that are here:
a +0 dagger; a goblin corpse You feel a strong urge to attack something.
You feel your anger nearly subside.
You are no longer berserk.
You are exhausted.
You feel yourself slow down.
You start resting.
A ball python comes into view.
A ball python is nearby!
A ball python is nearby!
The ball python hisses angrily.
You hit the ball python.
You kill the ball python!
Trog accepts your kill.
You feel yourself speed up.
You start resting.
You recover from your berserk rage.
You start resting.
HP restored.
Okay, then.
Unknown command.
Okay, then.
Unknown command.
Unknown command.
You are a level 3 Demonspawn Berserker.
You are 8% of the way to level 4.
Play time: 00:02:19 (1020 turns).
Zot will find you in 4963 turns if you stay in this branch and explore no new floors.
Unknown command.
Unknown command.
You are a level 3 Demonspawn Berserker.
You are 8% of the way to level 4.
Play time: 00:02:33 (1020 turns).
Zot will find you in 4963 turns if you stay in this branch and explore no new floors.
Unknown command.
Unknown command.
Unknown command.
Are you sure you want to abandon this character and quit the game? (Confirm with "yes".)

#..# #..# ... ###### ..
.....# .. ####.# #######.#
#.# #)......# #.#
########.#####.### #.#
#......@.........#
####.#####.##..##>#.#.)##...
...............###.##.)...#
##.#.#####.##.## #####.##.#
##.#.####..>### ### #
........#..##.## ##
##..###.#......##.## ##..#
#....##..#<#>##..# ....#
###...............


There were no monsters in sight!

Vanquished Creatures
  A dart slug (D:1)
  2 bats (D:1)
  4 endoplasms (D:1)
  2 giant cockroaches (D:1)
  4 goblins (D:1)
  2 hobgoblins (D:1)
  3 ball pythons (D:1)
  3 frilled lizards (D:1)
  4 kobolds (D:1)
  3 rats (D:1)
28 creatures vanquished.

Notes
Turn   | Place    | Note
-------+----------+-------------------------------------------
     0 | D:1      | knot the Demonspawn Berserker began the quest for the Orb.
     0 | D:1      | Reached XP level 1. HP: 18/18 MP: 1/1
    55 | D:1      | Found a faded altar of an unknown god.
   108 | D:1      | Gained mutation: You regenerate magic rapidly. [demonic
                  | ancestry]
   108 | D:1      | Reached XP level 2. HP: 23/24 MP: 2/2
   833 | D:1      | Gained mutation: Spells you cast may paralyse adjacent
                  | enemies. [demonic ancestry]
   833 | D:1      | Reached XP level 3. HP: 15/29 MP: 3/3
  1020 | D:1      | Quit the game

Illustrated notes

Levels and vault maps discovered:
D:1:      onia_arrival_handbag, layout_loops_ring, basic_ecumenical_altar

Skill      XL: |  1 |
---------------+----+-----
Axes           | 3 |  3.3
Fighting       | |  3.6
Armour         | |  1.7
Dodging        | |  1.7

Action                   || total
-------------------------++-------
Melee: Hand axe          ||    69
       Punch             ||     1
Invok: Berserk           ||     1
 Stab: Sleeping          ||     2
Armor: Animal skin       ||    17
Dodge: Dodged            ||    41

Table legend: (Time is in decaauts)
 A = Elapsed time spent in this place.
 B = Non-inter-level travel time spent in this place.
 C = Inter-level travel time spent in this place.
 D = Time resting spent in this place.
 E = Time spent auto-exploring this place.
 F = Levels seen in this place.
 G = Mean time per level.
                   A        B        C        D        E       F      G
               +--------+--------+--------+--------+--------+-----+--------+
         Total |   1036 |   1036 |      0 |    173 |    687 |   1 | 1036.0 |
       Dungeon |   1036 |   1036 |      0 |    173 |    687 |   1 | 1036.0 |
               +--------+--------+--------+--------+--------+-----+--------+

Top non-repeatable levels by time:
     D:1: 1036 daAuts
